 Dungeon Crawl Stone Soup version 0.26.0-45-g9c1d065592 (webtiles) character file.

Game seed: 2192299831119822302

2 lawman0 the Skirmisher (level 1, 0/24 HPs)
             Began as an Ogre Delver on Jan 30, 2021.
             Was an Initiate of Okawaru.
             Slain by a worker ant (2 damage)
             ... on level 4 of the Dungeon.
             The game lasted 00:01:03 (205 turns).

lawman0 the Skirmisher (Ogre Delver)                 Turns: 205, Time: 00:01:04

Health: 0/24       AC:  3    Str: 15    XL:     1   Next: 30%
Magic:  1/1        EV: 10    Int: 11    God:    Okawaru [......]
Gold:   6          SH:  0    Dex: 10    Spells: 0/0 levels left

rFire    . . .     SeeInvis .   a - +0 mace
rCold    . . .     Faith    .   (no shield)
rNeg     . . .     Spirit   .   b - +0 robe
rPois    .         Reflect  .   (helmet restricted)
rElec    .         Harm     .   (no cloak)
rCorr    .         Rampage  .   (gloves unavailable)
Will     .....                  (boots unavailable)
Stlth    ++........             (no amulet)
HPRegen  0.08/turn              (no ring)
MPRegen  0.07/turn              (no ring)

@: lethally poisoned (0 -> -8), hasted, very quick
A: large, unfitting armour, tough skin 1
a: Renounce Religion


You were on level 4 of the Dungeon.
You worshipped Okawaru.
Okawaru was noncommittal.
You visited 2 branches of the dungeon, and saw 3 of its levels.

You collected 6 gold pieces.

Inventory:

Hand Weapons
 a - a +0 mace (weapon)
Armour
 b - a +0 robe (worn)
 e - the +1 ring mail of an ossuary {Harm Str-5 Int+5 Dex+2, unknown}
   (You found it on level 4 of the Dungeon)

   It affects your strength (-5).
   It affects your intelligence (+5).
   It affects your dexterity (+2).
   It increases damage dealt and taken.
Wands
 g - a wand of digging (3)
Scrolls
 c - a scroll of fog
 d - a scroll of enchant armour {unknown}


   Skills:
 + Level 4.0 Fighting
 + Level 1.7 Maces & Flails
 + Level 1.7 Dodging
 + Level 3.8 Stealth


You couldn't memorise any spells.
You didn't know any spells.
Your spell library was empty.

Dungeon Overview and Level Annotations

Branches:
Dungeon (5/15)             Temple (1/1) D:4

Altars:
Cheibriados
Fedhas
Gozag
Kikubaaqudgha
Okawaru
Ru
Trog
Uskayaw
Wu Jian
Yredelemnul
Zin
The Shining One


Innate Abilities, Weirdness & Mutations

You are too large for most types of armour.
You have tough skin. (AC +1)


Message History

You feel yourself speed up. The worker ant bites you.
* * * LOW HITPOINT WARNING * * *
You are lethally poisoned!
The worker ant poisons you!
* * * LOW HITPOINT WARNING * * *
You feel sick.
Found 7 gold pieces.
* * * LOW HITPOINT WARNING * * *
You feel sick.
Found a leather armour.
* * * LOW HITPOINT WARNING * * *
You feel sick.
An adder comes into view.
* * * LOW HITPOINT WARNING * * *
You feel sick. The worker ant barely misses you.
You closely miss the worker ant.
* * * LOW HITPOINT WARNING * * *
You feel sick. The worker ant bites you.
You die...

# #. ##'# ### ##...## ..#
#.....## ##.# .......##
##..#
........####...########.#
........'......B@........
........####...########.S
.......## #.......#
##....## #.......# #...##
#.##.##.# ##.+## #. [.#
$# ##..# #.#.## # ##..#
#Z#.# #..## ##....


You could see a worker ant.

Vanquished Creatures
  A leopard gecko (D:4)
1 creature vanquished.

Notes
Turn   | Place    | Note
-------+----------+-------------------------------------------
     0 | D:5      | lawman0 the Ogre Delver began the quest for the Orb.
     0 | D:5      | Reached XP level 1. HP: 24/24 MP: 1/1
    22 | D:5      | Found a sacrificial altar of Ru.
    22 | D:5      | Noticed a yak
    22 | D:5      | Noticed a yak
    22 | D:5      | Noticed a yak
    98 | D:4      | Found a staircase to the Ecumenical Temple.
   102 | D:4      | Noticed an orc wizard
   105 | D:4      | Noticed an orc wizard
   107 | Temple   | Entered the Ecumenical Temple
   123 | Temple   | Became a worshipper of Warmaster Okawaru
   183 | D:4      | Found an ornate altar of the Wu Jian Council.
   186 | D:4      | Noticed a worker ant
   189 | D:4      | Got a distressingly furry ring mail
   205 | D:4      | Slain by a worker ant

Illustrated notes

Levels and vault maps discovered:
D:4:      layout_loops_corners, lemuel_doored_altar, kennysheep_little_box,
          minmay_temple_entry_wispy, serial_bayou_pond_c
D:5:      minmay_general_purpose_star, layout_loops_ring,
          chequers_temple_overflow_statue_of_worship,
          kennysheep_generic_room_14, uniq_edmund
Temple:   eino_temple_lava

Action                   || total
-------------------------++-------
Melee: Mace              ||     9
  Use: Scroll            ||     2
       Potion            ||     1
Armor: Robe              ||     3
Dodge: Dodged            ||    12
